 Dungeon Crawl Stone Soup version 0.29.0-13-gc9e81de378 (webtiles) character file.

Game seed: 14950126130896980569

507333 SnakkuSnakku7 the Victor of a Thousand Battles (level 26, -2/183 (189) HPs)
             Began as a Djinni Hunter on Sept 10, 2022.
             Was the Champion of Okawaru.
             Slain by a vampire knight
             ... wielding a +3 long sword
              (6 damage)
             ... on level 3 of the Crypt.
             The game lasted 01:40:51 (49487 turns).

SnakkuSnakku7 (DjHu)                               Turns: 49487, Time: 01:40:52

HP:   -2/183 (189)  AC: 40    Str: 16    XL:     26   Next: 70%
Gold: 5773          EV: 21    Int: 17    God:    Okawaru [******] SH: 19 Dex: 27

rFire   + + .      SeeInvis .   a - +9 hand crossbow (freeze)
rCold   + . .      Faith    .   n - +2 kite shield
rNeg    . . .      Spirit   .   d - +7 ice dragon scales
rPois   ∞          Reflect  .   o - +2 helmet {Int+3}
rElec   .          Harm     .   G - +2 cloak {rF+}
rCorr   .          Rampage  .   p - +3 pair of gauntlets of War {Slay+5}
Will    ++...                   (boots unavailable)
Stlth   +.........              S - amulet of regeneration
HPRegen 1.20/turn               r - ring of the Villain {Str+2 Dex+5 Slay+4}
MPRegen 0.00/turn               V - +4 ring of protection

@: about to teleport, flying, studying Axes, lightly drained
A: sickness immunity, fire resistance 2, cold vulnerability 1, float, innate
caster, HP casting, extra vitality 1
}: 2/15 runes: barnacled, gossamer
a: Renounce Religion, Heroism, Finesse, Duel


You were on level 3 of the Crypt.
You worshipped Okawaru.
Okawaru was exalted by your worship.
You visited 10 branches of the dungeon, and saw 45 of its levels.
You also visited: Ice Cave and Volcano.

You collected 6655 gold pieces.
You spent 882 gold pieces at shops.

Inventory:

Hand Weapons
 a - a +9 hand crossbow of freezing (weapon)
Missiles
 k - 6 throwing nets
 v - 14 curare-tipped darts
Armour
 d - +7 ice dragon scales (worn)
 n - a +2 kite shield (worn)
 o - a +2 helmet of intelligence (worn)
 p - the +3 pair of gauntlets of War (worn) {Slay+5}
   (You acquired it on level 4 of the Depths)

   Slay:      It affects your accuracy & damage with ranged weapons and melee
   (+5).
 G - a +2 cloak of fire resistance (worn)
 M - the +1 hat of the Insatiable Dreams {Will+ Slay+2 SInv}
   (Okawaru gifted it to you on level 3 of the Lair of Beasts)

   Slay:      It affects your accuracy & damage with ranged weapons and melee
   (+2).
   SInv:      It lets you see invisible.
   Will:      It increases your willpower.
Jewellery
 r - the ring of the Villain (left hand) {Str+2 Dex+5 Slay+4}
   (You acquired it on level 9 of the Dungeon)

   [ring of slaying]

   Str:       It affects your strength (+2).
   Dex:       It affects your dexterity (+5).
   Slay:      It affects your accuracy & damage with ranged weapons and melee
   (+4).
 u - a ring of resist corrosion
 B - the ring "Tehuoneh" {rElec Str+3 Int+2 Dex+6}
   (You took it off a deep elf sorcerer on level 3 of the Elven Halls)

   [ring of dexterity]

   Str:       It affects your strength (+3).
   Int:       It affects your intelligence (+2).
   Dex:       It affects your dexterity (+6).
   rElec:     It insulates you from electricity.
 I - a +4 ring of evasion
 Q - a ring of protection from cold
 S - an amulet of regeneration (around neck)
 V - a +4 ring of protection (right hand)
Wands
 c - a wand of digging (15)
 y - a wand of mindburst (32)
 D - a wand of roots (11)
 E - a wand of paralysis (15)
 K - a wand of flame (94)
 T - a wand of acid (17)
 Y - a wand of polymorph (6)
Scrolls
 b - a scroll of silence
 f - 15 scrolls of teleportation
 i - 8 scrolls of magic mapping
 t - 3 scrolls of fear
 L - 9 scrolls of poison
 N - 6 scrolls of fog
 R - 13 scrolls of immolation
Potions
 h - 5 potions of haste
 j - 13 potions of curing
 l - 13 potions of attraction
 m - 14 potions of mutation
 q - a potion of berserk rage
 w - 11 potions of ambrosia
 x - 8 potions of brilliance
 z - 7 potions of invisibility
 A - 9 potions of might
 C - 3 potions of resistance
 J - 5 potions of cancellation
Miscellaneous
 g - a phial of floods
 P - a condenser vane


   Skills:
 + Level 16.7 Fighting
 - Level 18.0 Ranged Weapons
 - Level 19.3 Armour
 - Level 15.0 Dodging
 - Level 0.7 Stealth
 - Level 18.1 Shields
 - Level 21.0 Invocations
 - Level 10.0 Evocations


You couldn't memorise any spells.
You knew the following spells:

 Your Spells              Type           Power      Damage    Failure   Level
a - Magic Dart            Conj           0%         1d3       65%         1
b - Searing Ray           Conj           0%         2d4       80%         2
c - Stone Arrow           Conj/Erth      0%         3d7       95%         3
d - Vampiric Draining     Necr           0%         2d6       95%         3
e - Olgreb's Toxic Radia  Pois           0%         N/A       100%        4
f - Fireball              Conj/Fire      0%         3d3       100%        5
g - Statue Form           Tmut/Erth      0%         N/A       100%        6
h - Summon Cactus Giant   Summ           0%         N/A       100%        6
i - Starburst             Conj/Fire      0%         6d3       100%        6
j - Borgnjor's Revivific  Necr           0%         N/A       100%        8
k - Disjunction           Tloc           0%         N/A       100%        8
l - Necromutation         Tmut/Necr      0%         N/A       100%        8
Your spell library was empty.


Dungeon Overview and Level Annotations

Branches:
Dungeon (15/15)            Temple (1/1) D:5            Lair (5/5) D:10
 Shoals (4/4) Lair:3       Spider (4/4) Lair:3        Slime (0/5) Lair:4
    Orc (2/2) D:12            Elf (3/3) Orc:2        Vaults (4/5) D:14
  Crypt (3/3) Vaults:2     Depths (4/4) D:15            Zot (0/5) Depths:4
  IceCv (visited)         Volcano (visited)
   Tomb: Crypt:3

Altars:
Ashenzari
Cheibriados
Elyvilon
Fedhas
Hepliaklqana
Makhleb
Nemelex Xobeh
Okawaru
Qazlal
Ru
Trog
Uskayaw
Xom
Yredelemnul
Zin
The Shining One
Jiyva

Shops:
D:14 *   Orc:1 =(   Orc:2 (=[((   Elf:1 :   Elf:2 (   Elf:3 (   Shoals:1 *
Shoals:3 !   Vaults:2 ?

Portals:
Hell: Depths:1 Depths:2 Depths:3 Depths:4
Abyss: Depths:1 Depths:3
Pandemonium: Depths:2 Depths:3
Ziggurat: Depths:2

Annotations:
D:4 Dig
D:12 1 runed translucent door
Elf:2 3 runed translucent doors
Crypt:1 2 transporters, Kucw's ghost, adept GrFi
Depths:2 2 transporters, xzight's ghost, legendary MiBe


Innate Abilities, Weirdness & Mutations

You are immune to sickness and miasma.
You are immune to poison.
Your flesh is very heat resistant. (rF++)
You are vulnerable to cold. (rC-)
You float through the air rather than walking.
You learn spells naturally, not from books.
Your magical power is your life essence.
You have superior vitality. (+4 MHP)


Message History

Press: ? - help, Q - select action, (/) - cycle Shift-Dir - straight line You shoot a bolt.
Okawaru accepts your kill.
Reactivating autopickup.
You feel a bit more experienced. You block something's attack.
Deactivating autopickup; reactivate with Ctrl-A.
Something bites you but does no damage. Something hits you!
* * * LOW HITPOINT WARNING * * *
Something closely misses you.
Fire: a) +9 hand crossbow (freeze)
Press: ? - help, Q - select action, (/) - cycle Shift-Dir - straight line You shoot a bolt.
Something hits you!
* * * LOW HITPOINT WARNING * * *
You block something's attack.
Unknown command.
Fire: a) +9 hand crossbow (freeze)
Press: ? - help, Q - select action, (/) - cycle Shift-Dir - straight line You shoot a bolt.
A vampire knight appears from thin air!
Reactivating autopickup.
The vampire knight misses you. You block the vampire knight's attack.
The vampire knight gestures wildly while chanting.
The vampire knight flickers and vanishes!
Deactivating autopickup; reactivate with Ctrl-A.
Okay, then.
You feel much better. Something hits you but does no damage.
Something bites you but does no damage. Something hits you but does no damage.
Something bites you!
* * * LOW HITPOINT WARNING * * *
Unknown command.
As you read the scroll of teleportation, it crumbles to dust.
You feel strangely unstable. Something hits you!
* * * LOW HITPOINT WARNING * * *
You block something's attack.
You feel better. Something hits you!
* * * LOW HITPOINT WARNING * * *
Something bites you but does no damage. Something hits you.
You die...

##.8.8.# #.8.8.##
##......#.............. #......#
##.......# .8.........8. #.......
#........# ............ #.......
#........# .........8. #.)..?..
.........## ..........##.......
).........# ....... #........
)#........# #[)'# #........
.##.8...8.# ##@).## #^8...8.#
.##.......# ##..{..## #.......#
.##.......####.......####.......#
.##........#...8...8...#........#
..#........#...........#........#
..#........'.....⌠...).'........#
..##.......#...........#.......##
=)##.8.8...#...8...8...#...8.8.##
#}##....######.......######....##


There were no monsters in sight!

Vanquished Creatures
  Mara (Shoals:4)
  2 ancient liches
  4 juggernauts
  Sojobo (Depths:2)
  Boris (5 times) (Vaults:4 Depths:1 Depths:4 Crypt:1 Crypt:3)
  Frederick (Vaults:4)
  Margery (Vaults:3)
  7 caustic shrikes
  4 golden dragons
  A profane servitor (Crypt:3)
  Nikola (Spider:3)
  2 bone dragons
  Jorgrun (Shoals:1)
  2 tentacled monstrosities
  3 liches
  A walking crystal tome (Depths:3)
  A deep elf blademaster (Elf:3)
  3 sphinxes
  A deep elf master archer (Elf:3)
  Frances (Spider:1)
  A sphinx (shapeshifter) (Depths:2)
  Gastronok (D:8)
  2 ancient champions
  Polyphemus (Shoals:4)
  Kirke (D:13)
  6 tengu reavers
  A draconian monk (Depths:4)
  2 shadow dragons
  5 revenants
  Donald (Shoals:3)
  6 deep elf sorcerers (Elf:3)
  9 fire giants
  5 emperor scorpions
  3 frost giants (Depths:3)
  Louise (D:14)
  Aizul (Shoals:2)
  A balrug (Depths:1)
  4 curse skulls
  5 vault wardens
  7 ghost moths
  4 deep elf elementalists
  5 ghouls
  3 spriggan defenders
  3 orc warlords (Orc:1)
  7 ironbound preservers
  2 reapers
  4 war gargoyles
  8 ironbound thunderhulks
  10 vampire knights
  23 very ugly things
  9 stone giants
  Azrael (D:15)
  A black draconian (Depths:4)
  3 red draconians
  2 deep elf demonologists (Elf:3)
  A green draconian (Depths:4)
  4 entropy weavers
  8 spark wasps
  9 deep elf annihilators (Elf:3)
  A yellow draconian (Depths:4)
  2 white draconians (Depths:4)
  8 deep elf death magi
  A purple draconian (Depths:4)
  Josephine (D:10)
  12 ettins
  6 crystal guardians
  7 eidola
  A green death (Depths:2)
  15 merfolk impalers
  7 merfolk javelineers
  3 yaktaur captains
  8 fire dragons
  4 deep elf high priests
  3 great orbs of eyes
  25 jiangshi
  3 rakshasas
  6 ice dragons
  11 hydras
  4 vault guards (D:14)
  4 spriggan air magi
  8 ironbound frosthearts
  Erolcha (D:10)
  5 merfolk avatars
  4 radroaches
  8 boulder beetles
  6 peacekeepers
  19 two-headed ogres
  15 centaur warriors
  4 ogre magi (Orc:2)
  4 death knights
  3 alligator snapping turtles
  21 dancing weapons
  6 deep troll shamans
  4 catoblepae
  A jorogumo (Spider:4)
  8 merfolk aquamancers
  A death scarab (Spider:3)
  A satyr (Shoals:4)
  A two-headed ogre (shapeshifter) (Depths:3)
  12 vampire magi
  5 death yaks
  An orc high priest (Elf:2)
  A titan zombie (Vaults:4)
  3 deep troll earth magi
  6 tengu warriors
  Urug (Lair:1)
  3 spriggan berserkers
  24 hell knights
  Sonja (Lair:3)
  10 deep elf knights
  2 sun demons (Depths:1)
  2 soul eaters (Crypt:1)
  2 sun moths
  4 pharaoh ants
  37 skeletal warriors
  A bunyip zombie (Crypt:1)
  7 iron trolls
  A steelbarb worm (Spider:2)
  4 flayed ghosts
  32 deep trolls
  16 orb spiders
  12 sea snakes
  6 glowing orange brains
  10 ironbound convokers
  Pikel (D:4)
  A bog body (Crypt:2)
  15 deep elf archers
  A wizard (Vaults:1)
  A spriggan simulacrum (Crypt:3)
  16 lindwurms
  11 phantasmal warriors
  28 deep elf zephyrmancers
  25 harpies
  12 necromancers
  28 deep elf pyromancers
  A tengu skeleton (Vaults:4)
  6 orc knights
  2 orc sorcerers
  8 cyclopes
  11 manticores
  28 ugly things
  A mana viper (shapeshifter) (Elf:2)
  An oklob plant (D:10)
  10 fauns
  14 wolf spiders
  9 elephants
  A frost giant zombie (Vaults:1)
  A stone giant skeleton (Vaults:3)
  Maurice (D:10)
  6 water nymphs
  2 moths of wrath
  5 merfolk sirens
  14 vault sentinels
  2 ice statues (IceCv)
  Joseph (D:10)
  6 torpor snails
  2 molten gargoyles (Lair:5)
  A fire giant skeleton (Crypt:2)
  7 black mambas
  An eye of devastation (shapeshifter) (Vaults:1)
  6 cane toads
  2 human skeletons
  9 unseen horrors
  5 demonic crawlers
  A yaktaur zombie (Vaults:1)
  Psyche (D:12)
  25 yaktaurs
  11 komodo dragons
  4 rime drakes
  A swamp worm zombie (Crypt:2)
  6 ice devils
  4 tengu conjurers
  2 kobold demonologists (D:10)
  3 efreet
  An anaconda simulacrum (IceCv)
  7 freezing wraiths
  2 hellwings (Depths:2)
  A yaktaur skeleton (Vaults:1)
  2 polar bears (shapeshifter)
  A queen bee (shapeshifter) (Elf:2)
  4 polar bears
  7 trolls
  A tarantella (shapeshifter) (Elf:1)
  4 wind drakes
  A mana viper skeleton (Crypt:2)
  48 merfolk
  26 tarantellas
  13 hornets
  A death drake skeleton (Crypt:1)
  3 blink frogs (Lair:1)
  10 snapping turtles
  15 dream sheep
  A guardian serpent zombie (Crypt:1)
  An ettin zombie (Vaults:4)
  19 slime creatures
  A great orb of eyes zombie (Crypt:1)
  3 air elementals
  68 flying skulls
  A centaur simulacrum (D:14)
  21 culicivoras
  2 spriggans (Depths:2)
  36 jumping spiders
  4 shadows
  74 yaks
  Sigmund (D:6)
  Eustachio (D:6)
  An alligator skeleton (Crypt:2)
  21 water elementals
  7 wyverns
  5 dire elephant simulacra (IceCv)
  2 humans (D:13)
  A human (shapeshifter) (Elf:2)
  A neqoxec (Depths:2)
  12 wraiths
  7 fire elementals
  A hog (D:13)
  10 basilisks
  A steam dragon (Lair:5)
  55 redbacks
  A human simulacrum (Vaults:1)
  Menkaure (D:5)
  4 hydra simulacra
  A harpy simulacrum (IceCv)
  14 water moccasins
  8 hell hounds
  2 acid dragons
  An acid dragon (shapeshifter) (D:15)
  A demonspawn zombie (Crypt:1)
  5 wargs (Orc:1)
  2 floating eyes
  A demonspawn skeleton (Crypt:2)
  A glowing shapeshifter skeleton (Vaults:3)
  2 ice beasts (D:5)
  35 orc warriors
  2 sky beasts
  An ettin simulacrum (Vaults:3)
  15 wolves
  5 boggarts (Vaults:1)
  2 tengu (shapeshifter)
  36 ogres
  22 centaurs
  2 phantoms
  A hog skeleton (Crypt:1)
  6 kobold brigands
  A draconian zombie (Crypt:2)
  7 necrophages
  7 bullfrogs
  A two-headed ogre simulacrum (IceCv)
  A salamander skeleton (Crypt:2)
  4 small abominations (Crypt:3)
  An earth elemental (Elf:3)
  A draconian skeleton (Crypt:1)
  A naga simulacrum (Crypt:3)
  3 scorpions
  A cyclops skeleton (Crypt:1)
  14 wights
  23 killer bees
  A shapeshifter skeleton (Crypt:1)
  A howler monkey (D:9)
  An electric eel (Spider:4)
  5 lava snakes (Lair:5)
  8 jellies
  11 orc priests
  A gnoll bouda (D:6)
  5 hounds
  6 iguanas
  19 orc wizards
  2 hell rats (Lair:4)
  A wolf simulacrum (IceCv)
  7 gnolls
  7 adders
  6 river rats (Lair:4)
  A steam dragon skeleton (Crypt:1)
  2 white imps
  2 ufetubi
  3 worms
  A dart slug (D:2)
  85 orcs
  3 ball pythons
  8 bats
  8 endoplasms
  4 giant cockroaches
  8 goblins
  8 hobgoblins
  A jackal (D:1)
  24 kobolds
  7 quokkas
  7 frilled lizards
  A jackal skeleton (Crypt:2)
  A quokka zombie (Crypt:2)
  13 rats
2036 creatures vanquished.

Vanquished Creatures (others)
  A lich (Depths:1)
  Ilsuiw (Shoals:2)
  A merfolk aquamancer (Shoals:2)
  3 deep elf knights
  A deep elf zephyrmancer (Elf:2)
  A wolf spider (Spider:4)
  An orc warrior (Elf:2)
  16 fungi
  65 plants
  28 withered plants
118 creatures vanquished.

Grand Total: 2154 creatures vanquished

Notes
Turn   | Place    | Note
-------+----------+-------------------------------------------
     0 | D:1      | SnakkuSnakku7 the Djinni Hunter began the quest for the
                  | Orb.
     0 | D:1      | Reached XP level 1. HP: 18/18 MP: 0/0
   173 | D:1      | Reached XP level 2. HP: 23/23 MP: 0/0
  1033 | D:2      | Reached XP level 3. HP: 28/28 MP: 0/0
  1033 | D:2      | Learned a level 1 spell: Magic Dart
  1602 | D:3      | Reached XP level 4. HP: 33/33 MP: 0/0
  1986 | D:4      | Reached skill level 5 in Ranged Weapons
  1986 | D:4      | Reached XP level 5. HP: 32/38 MP: 0/0
  1986 | D:4      | Learned a level 2 spell: Searing Ray
  2163 | D:4      | Reached XP level 6. HP: 20/43 MP: 0/0
  2481 | D:4      | Found a broken altar of Ashenzari.
  2574 | D:4      | Became a worshipper of Ashenzari the Shackled
  2575 | D:4      | Fell from the grace of Ashenzari
  2813 | D:4      | Found a large runed translucent door.
  2814 | D:4      | Found a large runed translucent door.
  2829 | D:4      | Noticed an ogre
  2954 | D:4      | Found a white marble altar of Elyvilon.
  3063 | D:4      | Reached XP level 7. HP: 49/49 MP: 0/0
  3063 | D:4      | Learned a level 3 spell: Stone Arrow
  3204 | D:4      | Found a large runed translucent door.
  3204 | D:4      | Found a large runed translucent door.
  3227 | D:4      | Noticed a two-headed ogre
  3263 | D:4      | HP: 1/49 [sky beast (5)]
  3574 | D:4      | Identified the +1 robe of the Candlemaker {Harm Will- Dex+3
                  | Stlth+}
  3800 | D:4      | Was forgiven by Ashenzari
  3832 | D:4      | Found a glowing silver altar of Zin.
  4275 | D:5      | Entered Level 5 of the Dungeon
  4303 | D:5      | Reached XP level 8. HP: 54/54 MP: 0/0
  4331 | D:5      | Found a staircase to the Ecumenical Temple.
  4343 | Temple   | Entered the Ecumenical Temple
  4396 | Temple   | Became a worshipper of Warmaster Okawaru
  4605 | D:5      | Noticed Pikel
  4625 | D:4      | Killed Pikel
  4625 | D:4      | Reached * piety under Okawaru
  4626 | D:4      | Reached XP level 9. HP: 31/58 MP: 0/0
  4626 | D:4      | Learned a level 3 spell: Vampiric Draining
  4892 | D:4      | Killed a two-headed ogre
  4892 | D:4      | Reached ** piety under Okawaru
  4893 | D:4      | Reached skill level 10 in Ranged Weapons
  5282 | D:5      | Noticed Menkaure
  5290 | D:5      | Killed Menkaure
  6134 | D:6      | Noticed Eustachio
  6151 | D:6      | Killed Eustachio
  6151 | D:6      | Reached *** piety under Okawaru
  6223 | D:6      | Reached XP level 10. HP: 64/64 MP: 0/0
  6698 | D:6      | Noticed Sigmund
  6705 | D:6      | Killed Sigmund
  6873 | D:6      | Found a sparkling altar of Nemelex Xobeh.
  7151 | D:7      | Found a snail-covered altar of Cheibriados.
  7776 | D:7      | Found a blossoming altar of Fedhas.
  8039 | D:8      | Reached **** piety under Okawaru
  8221 | D:8      | Noticed Gastronok
  8238 | D:8      | Killed Gastronok
  8238 | D:8      | Reached ***** piety under Okawaru
  8239 | D:8      | Reached XP level 11. HP: 49/68 MP: 0/0
  8239 | D:8      | Learned a level 4 spell: Olgreb's Toxic Radiance
  8845 | D:9      | Noticed a two-headed ogre
  8862 | D:9      | Killed a two-headed ogre
  8983 | D:9      | Reached skill level 15 in Ranged Weapons
  9004 | D:9      | Received a gift from Okawaru
  9045 | D:9      | Identified a scroll of acquirement
  9045 | D:9      | Acquired the ring of the Villain {Str+2 Dex+5 Slay+4}
  9147 | D:9      | Reached ****** piety under Okawaru
  9148 | D:9      | Reached XP level 12. HP: 68/74 MP: 0/0
  9441 | D:10     | Entered Level 10 of the Dungeon
  9529 | D:10     | Found a staircase to the Lair.
  9552 | D:10     | Noticed Erolcha
  9569 | D:10     | Killed Erolcha
  9712 | D:10     | Noticed Josephine
  9914 | D:10     | Killed Josephine
  9920 | D:10     | Received a gift from Okawaru
 10036 | D:10     | Found a hide-covered altar of Uskayaw.
 10057 | D:10     | Noticed Joseph
 10060 | D:10     | Killed Joseph
 10138 | D:10     | Noticed a three-headed hydra
 10144 | D:10     | Killed a three-headed hydra
 10160 | D:10     | Noticed Maurice
 10171 | D:10     | Killed Maurice
 10397 | Lair:1   | Entered Level 1 of the Lair of Beasts
 10398 | Lair:1   | Noticed a catoblepas
 10406 | D:10     | Killed a catoblepas
 10431 | D:10     | Reached XP level 13. HP: 62/78 MP: 0/0
 10431 | D:10     | Learned a level 5 spell: Fireball
 10531 | Lair:1   | Received a gift from Okawaru
 10589 | Lair:1   | Noticed Urug
 10598 | Lair:1   | Killed Urug
 11569 | Lair:2   | Noticed a five-headed hydra
 11572 | Lair:2   | Killed a five-headed hydra
 11582 | Lair:2   | Reached skill level 5 in Fighting
 12280 | Lair:3   | Found a staircase to the Shoals.
 12358 | Lair:3   | Identified the +1 hat of the Insatiable Dreams {Will+
                  | Slay+2 SInv} (Okawaru gifted it to you on level 3 of the
                  | Lair of Beasts)
 12358 | Lair:3   | Received a gift from Okawaru
 12525 | Lair:3   | Noticed Sonja
 12528 | Lair:3   | Noticed a catoblepas
 12533 | Lair:3   | Killed a catoblepas
 12534 | Lair:3   | Killed Sonja
 12576 | Lair:3   | Found a hole to the Spider Nest.
 13127 | Lair:4   | Reached XP level 14. HP: 95/99 MP: 0/0
 13209 | Lair:4   | Found a frozen archway.
 13219 | IceCv    | Entered an ice cave
 13992 | IceCv    | Reached skill level 10 in Fighting
 14012 | IceCv    | Noticed a reaper
 14025 | IceCv    | Killed a reaper
 14444 | Lair:4   | Received a gift from Okawaru
 14668 | Lair:4   | Found a viscous altar of Jiyva.
 14676 | Lair:4   | Found a staircase to the Slime Pits.
 14822 | Lair:4   | Reached skill level 1 in Invocations
 15077 | Lair:4   | Reached skill level 2 in Invocations
 15098 | Lair:4   | Reached skill level 3 in Invocations
 15163 | Lair:5   | Entered Level 5 of the Lair of Beasts
 15247 | Lair:5   | Reached skill level 4 in Invocations
 15325 | Lair:5   | Identified the +1 pearl dragon scales of Dawn {rF+ rC+ rN+}
                  | (Okawaru gifted it to you on level 5 of the Lair of Beasts)
 15325 | Lair:5   | Received a gift from Okawaru
 15326 | Lair:5   | Reached skill level 5 in Invocations
 15394 | Lair:5   | Found a large runed translucent door.
 15394 | Lair:5   | Found a large runed translucent door.
 15410 | Lair:5   | Reached skill level 6 in Invocations
 15459 | Lair:5   | Reached XP level 15. HP: 101/112 MP: 0/0
 15459 | Lair:5   | Learned a level 6 spell: Statue Form
 15465 | Lair:5   | Reached skill level 7 in Invocations
 15862 | Lair:5   | Reached skill level 8 in Invocations
 15928 | Lair:5   | Reached skill level 9 in Invocations
 17068 | D:12     | Reached skill level 10 in Invocations
 17100 | D:12     | Reached skill level 1 in Armour
 17107 | D:12     | Identified the +6 glaive of Annoyance {drain, Int+3}
 17134 | D:12     | Noticed Psyche
 17136 | D:12     | Killed Psyche
 17151 | D:12     | Found a staircase to the Orcish Mines.
 17223 | D:12     | Received a gift from Okawaru
 17464 | D:12     | Found a runed translucent door.
 17464 | D:12     | Noticed a tengu reaver
 17465 | D:12     | Noticed a tengu reaver
 17502 | D:12     | Reached skill level 5 in Armour
 17994 | Orc:1    | Entered Level 1 of the Orcish Mines
 18098 | Orc:1    | Noticed an orc warlord
 18105 | Orc:1    | Killed an orc warlord
 18115 | Orc:1    | Found Furoadem's Jewellery Emporium.
 18179 | Orc:1    | Found Ebytan's Antique Weapon Boutique.
 18291 | Orc:2    | Entered Level 2 of the Orcish Mines
 18427 | Orc:2    | Found a staircase to the Elven Halls.
 18443 | Orc:2    | Found a dark tunnel.
 18449 | Volcano  | Entered a volcano
 18664 | Orc:2    | Received a gift from Okawaru
 18713 | Orc:2    | Reached XP level 16. HP: 115/118 MP: 0/0
 18737 | Orc:2    | Received a gift from Okawaru
 18811 | Orc:2    | Identified the +0 cloak "Unavvue" {Dex+7} (Okawaru gifted
                  | it to you on level 2 of the Orcish Mines)
 18811 | Orc:2    | Received a gift from Okawaru
 18853 | Orc:2    | Found Iclo's Antique Weapon Boutique.
 18853 | Orc:2    | Found Etuib's Armour Emporium.
 18853 | Orc:2    | Found Ziusa's Jewellery Emporium.
 18853 | Orc:2    | Found Siar's Antique Weapon Shop.
 18858 | Orc:2    | Reached skill level 10 in Armour
 18888 | Orc:2    | Bought an amulet of regeneration for 390 gold pieces
 18914 | Orc:2    | Found Eheshua's Antique Weapon Emporium.
 19435 | Orc:1    | Reached skill level 5 in Dodging
 19971 | D:13     | Found a burning altar of Makhleb.
 20189 | D:13     | Noticed Kirke
 20193 | D:13     | Killed Kirke
 20679 | D:14     | Found a gate to the Vaults.
 20786 | D:14     | Found a white marble altar of Elyvilon.
 20821 | D:14     | Found Uzomiegh's Overcharged Wands.
 20834 | D:14     | Noticed Louise
 20850 | D:14     | Killed Louise
 20850 | D:14     | Received a gift from Okawaru
 20940 | D:14     | Reached skill level 10 in Dodging
 21014 | D:14     | Reached skill level 1 in Evocations
 21105 | D:14     | Reached XP level 17. HP: 87/123 MP: 0/0
 21105 | D:14     | Learned a level 6 spell: Summon Cactus Giant
 21270 | D:15     | Entered Level 15 of the Dungeon
 21359 | D:15     | Reached skill level 5 in Evocations
 21505 | D:15     | Found a staircase to the Depths.
 21569 | D:15     | Noticed Azrael
 21581 | D:15     | Killed Azrael
 22153 | D:15     | Found a sacrificial altar of Ru.
 22710 | Spider:1 | Entered Level 1 of the Spider Nest
 22750 | Spider:1 | Noticed Frances
 22763 | Spider:1 | Killed Frances
 23023 | Spider:1 | Identified the +3 plate armour "Ehipheu" {-Cast rC+ Str+3
                  | SInv} (Okawaru gifted it to you on level 1 of the Spider
                  | Nest)
 23023 | Spider:1 | Received a gift from Okawaru
 24070 | Spider:2 | Reached skill level 10 in Evocations
 24737 | Spider:3 | Reached XP level 18. HP: 132/132 MP: 0/0
 24803 | Spider:3 | Found the +3 pair of seven-league boots {Rampage+∞}
 24834 | Spider:3 | Identified the +1 ring mail of the Snail {Int+2} (Okawaru
                  | gifted it to you on level 3 of the Spider Nest)
 24834 | Spider:3 | Received a gift from Okawaru
 25057 | Spider:3 | Noticed Nikola
 25063 | Spider:3 | Killed Nikola
 25806 | Spider:4 | Entered Level 4 of the Spider Nest
 25935 | Spider:4 | Reached skill level 1 in Shields
 26241 | Spider:4 | Reached skill level 5 in Shields
 26508 | Spider:4 | Received a gift from Okawaru
 26951 | Spider:4 | Got a gossamer rune of Zot
 27102 | Shoals:1 | Entered Level 1 of the Shoals
 27450 | Shoals:1 | Received a gift from Okawaru
 27453 | Shoals:1 | Noticed Jorgrun
 27456 | Shoals:1 | Reached XP level 19. HP: 117/140 MP: 0/0
 27456 | Shoals:1 | Learned a level 6 spell: Starburst
 27464 | Shoals:1 | Killed Jorgrun
 27465 | Shoals:1 | Reached skill level 10 in Shields
 27508 | Shoals:1 | Found Gyggerch's CLEARANCE SALE!.
 27614 | Shoals:2 | Noticed Aizul
 27626 | Shoals:2 | Killed Aizul
 27899 | Shoals:2 | Identified the +5 arbalest of Vuruc {vorpal, rF+ Int+7
                  | Dex-4 Stlth+}
 28059 | Shoals:2 | Noticed Ilsuiw
 28116 | Shoals:2 | Killed Ilsuiw
 28377 | Shoals:3 | Received a gift from Okawaru
 28511 | Shoals:3 | Found Faefat's Distillery.
 28522 | Shoals:3 | Received a gift from Okawaru
 28557 | Shoals:3 | Bought a potion of heal wounds for 85 gold pieces
 28557 | Shoals:3 | Bought a potion of invisibility for 136 gold pieces
 28557 | Shoals:3 | Bought a potion of invisibility for 136 gold pieces
 28845 | Shoals:4 | Entered Level 4 of the Shoals
 28845 | Shoals:4 | Noticed Donald
 28950 | Shoals:3 | Killed Donald
 29185 | Shoals:4 | Noticed Mara
 29194 | Shoals:4 | Noticed SnakkuSnakku7's illusion
 29292 | Shoals:4 | Killed Mara
 29292 | Shoals:4 | Identified the +1 robe "Coatzup" {Str+3 Int+2 Slay+2}
                  | (Okawaru gifted it to you on level 4 of the Shoals)
 29292 | Shoals:4 | Received a gift from Okawaru
 29315 | Shoals:4 | Identified the +0 ring mail of the Present {rN+ Dex+4}
 29340 | Shoals:4 | Reached XP level 20. HP: 97/147 MP: 0/0
 29548 | Shoals:4 | Reached skill level 15 in Dodging
 29614 | Shoals:4 | Got a barnacled rune of Zot
 29668 | Shoals:4 | Noticed Polyphemus
 29787 | Shoals:4 | Killed Polyphemus
 29966 | Shoals:4 | Found a stormy altar of Qazlal.
 29972 | Shoals:4 | Reached skill level 15 in Fighting
 30221 | Vaults:1 | Entered Level 1 of the Vaults
 30418 | Vaults:1 | Received a gift from Okawaru
 31371 | Vaults:1 | Identified the +7 scale mail of Lethargy {-Tele Str+3
                  | Stlth+} (Okawaru gifted it to you on level 1 of the Vaults)
 31371 | Vaults:1 | Received a gift from Okawaru
 31837 | Vaults:2 | Found Vijod's Magic Scroll Shop.
 31857 | Vaults:2 | Bought a scroll of enchant armour for 135 gold pieces
 31987 | Vaults:2 | Reached XP level 21. HP: 139/155 MP: 0/0
 31987 | Vaults:2 | Learned a level 8 spell: Borgnjor's Revivification
 32044 | Vaults:2 | Reached skill level 15 in Shields
 32838 | Vaults:2 | Found a staircase to the Crypt.
 33466 | Vaults:3 | Noticed Margery
 33484 | Vaults:3 | Killed Margery
 33722 | Vaults:3 | Received a gift from Okawaru
 34957 | Vaults:4 | Noticed Frederick
 35007 | Vaults:4 | Noticed Boris
 35016 | Vaults:4 | Killed Boris
 35114 | Vaults:4 | Reached XP level 22. HP: 161/161 MP: 0/0
 35121 | Vaults:4 | Reached skill level 11 in Invocations
 35200 | Vaults:4 | Killed Frederick
 35300 | Vaults:4 | Identified the -2 kite shield of Resilience {rN+ Str+3
                  | Stlth+} (Okawaru gifted it to you on level 4 of the Vaults)
 35300 | Vaults:4 | Received a gift from Okawaru
 35587 | Vaults:4 | Noticed an ancient lich
 35595 | Vaults:4 | Killed an ancient lich
 35596 | Vaults:4 | Reached skill level 12 in Invocations
 35899 | Elf:1    | Entered Level 1 of the Elven Halls
 36068 | Elf:1    | Paralysed by an air elemental for 1 turns
 36074 | Elf:1    | Reached skill level 13 in Invocations
 36523 | Elf:1    | Found Jeoh's Book Emporium.
 36885 | Elf:2    | Reached skill level 14 in Invocations
 36917 | Elf:2    | Identified the +4 ring mail of the Sunfish {rC- rN+++ Str+2
                  | Slay-4} (Okawaru gifted it to you on level 2 of the Elven
                  | Halls)
 36917 | Elf:2    | Received a gift from Okawaru
 37060 | Elf:2    | Reached skill level 15 in Invocations
 37138 | Elf:2    | Found Baxtokex's Antique Weapon Boutique.
 37229 | Elf:2    | Identified the +4 mace "Emavoas" {freeze, *Corrode rC+
                  | Str+3}
 37298 | Elf:2    | Found a runed translucent gate.
 37299 | Elf:2    | Found a runed translucent gate.
 37299 | Elf:2    | Found a runed translucent gate.
 37496 | Elf:3    | Entered Level 3 of the Elven Halls
 37980 | Elf:3    | Reached XP level 23. HP: 106/166 MP: 0/0
 37980 | Elf:3    | Learned a level 8 spell: Disjunction
 38039 | Elf:3    | Found Koh Zoash's Antique Weapon Emporium.
 38056 | Elf:3    | Reached skill level 16 in Invocations
 38562 | Elf:3    | Identified the ring "Tehuoneh" {rElec Str+3 Int+2 Dex+6}
 38741 | Elf:3    | Reached skill level 17 in Invocations
 38805 | Elf:3    | Identified the +3 ring mail of Axoty {rPois rCorr}
 38866 | Elf:3    | Identified the +4 shortbow of Avieqod {freeze, rElec}
 39150 | Depths:1 | Entered Level 1 of the Depths
 39209 | Depths:1 | Received a gift from Okawaru
 39495 | Depths:1 | Reached skill level 18 in Invocations
 39689 | Depths:1 | Found a one-way gate to the infinite horrors of the Abyss.
 39824 | Depths:1 | Found a gateway to Hell.
 40613 | Depths:2 | Found a one-way gateway to a ziggurat.
 40794 | Depths:2 | Noticed Sojobo
 40803 | Depths:2 | Killed Sojobo
 40803 | Depths:2 | Received a gift from Okawaru
 40805 | Depths:2 | Reached skill level 19 in Invocations
 40843 | Depths:2 | Reached XP level 24. HP: 106/173 MP: 0/0
 41096 | Depths:1 | Noticed Boris
 41112 | Depths:1 | Killed Boris
 41865 | Depths:2 | Noticed a caustic shrike
 41889 | Depths:2 | Found a transporter.
 41894 | Depths:2 | Noticed xzight's ghost (legendary MiBe)
 41909 | Depths:2 | Found a transporter.
 42060 | Depths:2 | Found a one-way gate leading to the halls of Pandemonium.
 42260 | Depths:2 | Noticed a juggernaut
 42261 | Depths:2 | Reached skill level 20 in Invocations
 42265 | Depths:2 | Noticed a juggernaut
 42279 | Depths:2 | Killed a juggernaut
 42286 | Depths:2 | Killed a juggernaut
 42286 | Depths:2 | Received a gift from Okawaru
 42556 | Depths:2 | Noticed a juggernaut
 42563 | Depths:2 | Killed a juggernaut
 42607 | Depths:2 | Noticed a golden dragon
 42611 | Depths:2 | Killed a golden dragon
 42719 | Depths:3 | Reached skill level 21 in Invocations
 43275 | Depths:3 | Noticed a golden dragon
 43275 | Depths:3 | Noticed a caustic shrike
 43290 | Depths:3 | Killed a caustic shrike
 43293 | Depths:3 | Killed a golden dragon
 43303 | Depths:3 | Identified the +4 sling of Foolhardiness {freeze, rElec rF-
                  | Will++ SInv} (Okawaru gifted it to you on level 3 of the
                  | Depths)
 43303 | Depths:3 | Received a gift from Okawaru
 43338 | Depths:3 | Noticed a caustic shrike
 43344 | Depths:3 | Killed a caustic shrike
 44062 | Depths:4 | Entered Level 4 of the Depths
 44070 | Depths:4 | Acquired the +3 pair of gauntlets of War {Slay+5}
 44070 | Depths:4 | Found the +3 pair of gauntlets of War {Slay+5}
 44145 | Depths:4 | Reached XP level 25. HP: 164/178 MP: 0/0
 44145 | Depths:4 | Learned a level 8 spell: Necromutation
 44146 | Depths:4 | Noticed Boris
 44157 | Depths:4 | Killed Boris
 44228 | Depths:4 | Received a gift from Okawaru
 44230 | Depths:4 | Noticed a juggernaut
 44240 | Depths:4 | Killed a juggernaut
 44557 | Depths:4 | Noticed a caustic shrike
 44558 | Depths:4 | Noticed a caustic shrike
 44558 | Depths:4 | Noticed a caustic shrike
 44559 | Depths:4 | Noticed a caustic shrike
 44559 | Depths:4 | Noticed a caustic shrike
 44564 | Depths:4 | Killed a caustic shrike
 44566 | Depths:4 | Killed a caustic shrike
 44571 | Depths:4 | Killed a caustic shrike
 44576 | Depths:4 | Killed a caustic shrike
 44578 | Depths:4 | HP: 5/178 [acid (6)]
 44579 | Depths:4 | Killed a caustic shrike
 44580 | Depths:4 | HP: 2/178 [yellow draconian/glob of acid (14)]
 44738 | Depths:4 | Reached skill level 15 in Armour
 44865 | Depths:4 | Identified the +1 chain mail of Gotoohar {Stlth+} (Okawaru
                  | gifted it to you on level 4 of the Depths)
 44865 | Depths:4 | Received a gift from Okawaru
 44935 | Depths:4 | Found a gate to the Realm of Zot.
 45792 | Crypt:1  | Entered Level 1 of the Crypt
 45857 | Crypt:1  | Noticed Kucw's ghost (adept GrFi)
 45947 | Crypt:1  | Noticed Boris
 45961 | Crypt:1  | Killed Boris
 46207 | Crypt:1  | Found a transporter.
 46211 | Crypt:1  | Found a transporter.
 47134 | Crypt:2  | Reached XP level 26. HP: 141/176 MP: 0/0
 47211 | Crypt:2  | Received a gift from Okawaru
 47559 | Crypt:2  | Noticed an ancient lich
 48025 | Crypt:2  | Killed an ancient lich
 48061 | Crypt:2  | Identified the +8 mace of Courage {freeze, Fragile rC++}
 48061 | Crypt:2  | Identified the +0 buckler of Hairiness {Regen+}
 48366 | Crypt:3  | Entered Level 3 of the Crypt
 48573 | Crypt:3  | Noticed Boris
 48588 | Crypt:3  | Killed Boris
 48804 | Crypt:3  | Found a basalt altar of Yredelemnul.
 49081 | Crypt:3  | Identified the +0 leather armour of a ziggurat {rF++ Will+
                  | Slay+2}
 49408 | Crypt:3  | Received a gift from Okawaru
 49487 | Crypt:3  | HP: 4/183 [something (16)]
 49487 | Crypt:3  | Slain by a vampire knight

Illustrated notes

Levels and vault maps discovered:
D:1:      dpeg_arrival_brainrot, layout_loops_corners, grunt_decor_cap
D:2:      minmay_angry_zag, layout_loops_cross
D:3:      layout_rooms, minmay_between
D:4:      layout_loops_corners, general_overflow_altar,
          mainiacjoe_overflow_cross_hatched, zin_scriptorium, minivault_5,
          minmay_hollow_rounded_squares, uniq_crazy_yiuf_cottage
D:5:      layout_layer_cave, minmay_temple_entry_offerings, uniq_pikel,
          uniq_menkaure
D:6:      layout_basic, lemuel_coloured_pillars_altar, uniq_eustachio,
          uniq_sigmund
D:7:      layout_basic, cheibriados_altar_1, fedhas_altar_fruit_tree
D:8:      layout_basic, special_room [special_room_orc],
          eino_small_chamber_without_monster, minmay_microvault, uniq_gastronok
D:9:      layout_rooms, minmay_orc_keep
D:10:     layout_loops_corners, lemuel_doored_altar, dpeg_oklobed_lair,
          hangedman_ranch, uniq_erolcha, uniq_josephine, uniq_maurice,
          uniq_joseph
D:11:     layout_roguey
D:12:     layout_loops_cross, orc_0_dummy, minmay_hidden_floor, uniq_psyche
D:13:     layout_stronghold, bloody_makhleb, uniq_kirke
D:14:     layout_big_octagon, lightli_vaults_fourway_checkpoint,
          elyvilon_altar_1, dreamdust_wishing_well,
          nicolae_shop_overcharged_wands, uniq_louise
D:15:     hangedman_depths_entry_civil_slaughter, layout_irregular_city,
          minmay_misc_feat_tower, grunt_ministairs_12, nicolae_ru_path_of_blood,
          uniq_azrael
Temple:   nicolae_temple_bog_church
Lair:1:   layout_chaotic_city, uniq_urug
Lair:2:   layout_small_grid
Lair:3:   layout_regular_city, minmay_shoals_entry_centaurs,
          spider_nest_entry_a, uniq_sonja
Lair:4:   nzn_winding_woodlands_stair_trap [nzn_winding_woodlands_5x15_pockets,
          nzn_winding_woodlands_5x15_concentric, nzn_winding_woodlands_5x15_eye,
          nzn_winding_woodlands_15x15_five_gardens,
          nzn_winding_woodlands_5x15_river_crossing,
          nzn_winding_woodlands_5x15_garden,
          nzn_winding_woodlands_5x15_split_checker], layout_hall_layers,
          nicolae_slime_entry_slimehenge, portal_ice_cave_rime, st_stairs_7,
          minivault_23, lookout_lair_type, kennysheep_abandoned_house
Lair:5:   cheibrodos_lair_end_hotspot, layout_loops_ring, serial_bayou_shore_b,
          infiniplex_staircase_pool_2
Shoals:1: layout_shoals, nicolae_shop_clearance, uniq_jorgrun
Shoals:2: layout_shoals, st_sunken_temple, uniq_ilsuiw, uniq_aizul
Shoals:3: layout_shoals, serial_shops, shop
Shoals:4: shoals_end_simple, layout_shoals, lemuel_centaur_altar, uniq_mara,
          uniq_donald, uniq_polyphemus
Spider:1: layout_chambers, uniq_frances
Spider:2: layout_spider_delve, spiders_nest_hornet_nest
Spider:3: layout_chambers, uniq_nikola
Spider:4: spider_rune_water
Orc:1:    layout_caves, serial_shops, nicolae_shop_advertising_works
          [nicolae_subvault_shop_adworks], nicolae_shop_crystal,
          minmay_orc_treasury
Orc:2:    st_orc_ogre_mass, layout_diamond_mine, nicolae_volcano_entry_s_turn,
          serial_shops, shop
Elf:1:    eino_elf_arrival_altar, layout_loops_cross, basic_altar,
          serial_aquarium, aquarium_bridge_long_separate
          [aquarium_subvault_wall, aquarium_subvault_wall,
          aquarium_subvault_bridge, aquarium_subvault_bridge,
          aquarium_subvault_balcony, aquarium_subvault_bridge],
          aquarium_bridge_square [aquarium_subvault_wall,
          aquarium_subvault_bridge, aquarium_subvault_bridge,
          aquarium_subvault_wall], aquarium_window_fake, aquarium_window_1,
          aquarium_window_corner, aquarium_view_2e, aquarium_pool_2,
          serial_shops, nicolae_shop_behind_doors, minmay_elf_demonology
Elf:2:    nicolae_elf_blades_crystal_corner, layout_onion_city, serial_shops,
          nicolae_shop_behind_doors
Elf:3:    minmay_elf_hall_dome, layout_loops_corners, serial_shops, shop,
          hangedman_elven_ridges
Vaults:1: v_rooms_1, nicolae_vaults_asterisk, hangedman_vaults_cutoff,
          vaults_room_fours, ontoclasm_vaults_twist,
          ontoclasm_vaults_decontamination, vaults_dpeg_ring, vaults_room_fours,
          ontoclasm_vaults_shout, layout_vaults_omnigrid
Vaults:2: nicolae_vaults_hallways_thing, nicolae_vaults_network_s,
          hangedman_vaults_restitches, minmay_crypt_entry_simple_walls,
          grunt_vaults_focal, nicolae_vaults_gold_heap, vaults_dpeg_diagonal,
          vaults_dpeg_emergency_exit, grunt_vaults_hallway_long,
          nicolae_vaults_ring_of_whatevers, v_misc_26, layout_vaults_big_room,
          serial_shops, nicolae_lakefront_shop
Vaults:3: hangedman_vaults_cutoff, nicolae_vaults_specimen_jars,
          nicolae_vaults_three_branches, v_pattern_1, nicolae_vaults_big_ls,
          hangedman_vaults_slither, v_misc_29, vaults_room_grid,
          v_alt_pattern_4, v_misc_15, layout_vaults_ring, uniq_margery
Vaults:4: hangedman_vaults_impose, nicolae_vaults_ring_of_whatevers, v_misc_12,
          st_spiral_rooms, hangedman_vaults_slice, v_alt_pattern_6, v_misc_32,
          v_misc_26, v_pattern_4, v_misc_23, nicolae_vaults_asterisk,
          nicolae_vaults_little_squares_2, layout_vaults_omnicross, uniq_boris,
          uniq_frederick
Crypt:1:  layout_gridlike, gammafunk_ghost_arena, grunt_crypt_arrival_split,
          grunt_megastairs_5
Crypt:2:  layout_rooms, st_stairs_1, st_shrine_of_skulls, uniq_josephina
Crypt:3:  grunt_crypt_end_deaths_head
Depths:1: layout_gridlike, serial_sigils_hangedman_snap,
          hangedman_abyss_entry_splay, lightli_too_deep, grunt_decor_junction,
          kiku_gazebo_garden_becter
Depths:2: cheibrodos_salmonella, layout_basic, enter_ziggurat_b,
          gammafunk_ghost_berserking_beasts, rand_demon_pan_entry_8,
          pf_hell_entry_tar_spiral, nicolae_benzene_ring, uniq_sojobo
Depths:3: minmay_expanding_squares, layout_cave_shapes, hangedman_coc_ice_floe,
          abyss_entry, chequers_jeans, pan_entry
Depths:4: grunt_twist_and_shout, layout_honeycomb, grunt_decor_clamped,
          pf_hell_entry_great_geh, minmay_misc_feat_rugged,
          ebering_dispersal_statue_hall, due_unseen_surprise

Skill      XL: |  1  2  3  4  5  6  7  8  9 10 11 12 13 14 15 16 17 18 19 20 21 22 23 24 25 26 |
---------------+-------------------------------------------------------------------------------+-----
Ranged Weapons | 4 5 6 7 9 11 13 15 17 18 | 18.0
Fighting       | 8 12 13 14 15 16 | 16.7
Invocations    | 6 10 15 19 21 | 21.0
Armour         | 8 10 13 18 19 | 19.3
Dodging        | 10 14 15 | 15.0
Evocations     | 3 10 | 10.0
Shields        | 9 12 14 18 | 18.1
Stealth        | |  0.7

Action                   |  1- 3 |  4- 6 |  7- 9 | 10-12 | 13-15 | 16-18 | 19-21 | 22-24 | 25-27 || total
-------------------------+-------+-------+-------+-------+-------+-------+-------+-------+-------++-------
Melee: Unarmed           |       |       |       |     2 |       |       |       |       |       ||     2
       Arbalest          |       |       |       |     2 |       |       |       |       |       ||     2
 Fire: Shortbow          |    93 |   136 |   212 |   158 |       |       |       |       |       ||   599
       Arbalest          |       |       |       |   424 |   900 |   959 |       |       |       ||  2283
       Hand crossbow     |       |       |       |       |       |    69 |  1211 |  1185 |  1020 ||  3485
Throw: Dart              |       |       |     1 |     1 |       |       |       |       |       ||     2
Invok: Renounce Religion |       |     1 |       |       |       |       |       |       |       ||     1
       Heroism           |       |       |       |       |     1 |       |     1 |     3 |     2 ||     7
       Finesse           |       |       |       |       |       |       |     2 |     2 |       ||     4
Evoke: Wand              |       |       |       |       |       |     3 |     4 |     7 |     2 ||    16
       Condenser vane    |       |       |       |       |       |     1 |     5 |     3 |     1 ||    10
  Use: Scroll            |       |     5 |     3 |    14 |    18 |    11 |     9 |    15 |     6 ||    81
       Potion            |       |       |     2 |       |       |     1 |     5 |     5 |    10 ||    23
Armor: Leather armour    |    15 |    26 |    50 |     3 |       |       |       |       |       ||    94
       Troll leather arm |       |       |       |   151 |   145 |   213 |   147 |    39 |       ||   695
       Robe              |       |       |       |       |    10 |       |       |       |       ||    10
       Steam dragon scal |       |       |       |       |       |       |       |     8 |       ||     8
       Ice dragon scales |       |       |       |       |       |       |       |   124 |   385 ||   509
Dodge: Dodged            |    31 |    43 |    52 |   310 |   265 |   519 |   554 |   468 |   525 ||  2767
Block: Kite shield       |       |       |       |       |       |    63 |   660 |   592 |   825 ||  2140
